Map: Blackburn LE

Players

Vindicta

  • Race: Terran Terran

DisK - Winner!

  • Race: Protoss Protoss

VOD

Have the link to the VOD?

Description

Time

  • Played on: Oct. 8, 2021, 4:16 p.m.
  • Length: 13:29
Show
View Real Time Build Order
Export as new Build Order

Vindicta Terran 

Build Orders:  

Get SALT Encoding   

  12  0:00  SCV  
  13  0:12  SCV  
  14  0:17  Supply Depot  
  14  0:24  SCV  
  15  0:38  SCV  
  15  0:39  Barracks  
  16  0:43  Refinery  
  16  0:50  SCV  
  17  1:03  SCV  
  18  1:15  SCV  
  19  1:27  Orbital Command  
  19  1:31  Marine  
  20  1:48  Command Center  
  20  1:51  Barracks Reactor  
  20  1:55  Supply Depot  
  20  1:58  SCV  
  21  2:10  SCV  
  21  2:15  Barracks  
  22  2:22  SCV  
  22  2:24  Barracks  
  22  2:27  Marine x2  
  25  2:31  Bunker  
  25  2:35  SCV  
  26  2:47  SCV  
  26  2:59  SCV  
  26  3:03  Barracks Tech Lab  
  27  3:06  Orbital Command  
  27  3:08  Refinery, Marine x2  
  27  3:11  SCV  
  27  3:12  Barracks Tech Lab  
  30  3:22  Stimpack  
  30  3:23  SCV  
  30  3:25  Marine  
  32  3:31  Marine x3  
  32  3:32  SCV  
  36  3:35  SCV  
  36  3:39  Combat Shield  
  37  3:43  Supply Depot  
  37  3:44  SCV  
  37  3:46  Marauder  
  40  3:50  Marauder  
  40  3:51  SCV  
  43  3:55  Marine x2  
  43  3:56  SCV  
  46  4:05  SCV  
  46  4:07  Marauder  
  50  4:10  Supply Depot  
  50  4:14  Engineering Bay  
  50  4:15  SCV  
  50  4:17  SCV, Marine  
  50  4:18  Marine  
  53  4:24  Factory  
  53  4:25  Marine  
  54  4:31  Refinery  
  54  4:32  SCV  
  54  4:34  Supply Depot  
  54  4:36  Marine x2  
  54  4:37  SCV  
  55  4:46  Terran Infantry Weapons Level 1, SCV  
  55  4:47  Marine  
  55  4:48  Marine  
  55  4:50  SCV  
  59  4:57  Marauder, Marine  
  59  4:59  Concussive Shells, SCV  
  63  5:02  SCV  
  63  5:03  Supply Depot  
  64  5:11  SCV  
  64  5:12  Starport, Factory Reactor  
  64  5:14  SCV  
  66  5:20  Marauder  
  70  5:21  Marauder  
  70  5:25  SCV  
  70  5:26  Supply Depot  
  70  5:27  SCV  
  71  5:32  Supply Depot  
  71  5:36  Marine x2  
  71  5:38  SCV  
  71  5:42  Marauder x2  
  78  5:47  SCV  
  79  5:50  SCV  
  79  5:55  Supply Depot, Medivac x2, Factory Tech Lab  
  84  6:02  SCV  
  84  6:03  Marauder  
  85  6:04  SCV  
  85  6:08  Marine  
  87  6:14  Refinery  
  87  6:15  SCV  
  87  6:16  Marauder, Command Center  
  88  6:19  Siege Tank  
  88  6:25  Marine  
  94  6:26  Marauder  
  94  6:28  Supply Depot  
  94  6:31  Medivac  
  96  6:33  Medivac  
  95  6:43  Marine  
  94  6:51  Siege Tank  
  97  7:00  Marauder, Marine  
  90  7:03  Marine  
  90  7:04  Marauder, Terran Infantry Armor Level 1  
  90  7:07  Barracks x2  
  91  7:13  Medivac  
  93  7:18  Marine  
  93  7:19  Supply Depot  
  93  7:21  Marine  
  93  7:22  Marauder  
  97  7:25  Siege Tank, Marine  
  97  7:26  SCV  
  102  7:36  Marine  
  95  7:37  Orbital Command  
  95  7:39  Marine  
  95  7:43  Marauder x2  
  98  7:51  SCV  
  92  7:53  Marine  
  92  7:54  Viking  
  92  7:57  Barracks Reactor, Barracks Tech Lab, Marine  
  93  8:01  Orbital Command  
  93  8:02  Siege Tank  
  93  8:03  SCV x2  
  93  8:04  Marine  
  99  8:11  Marine  
  99  8:14  Viking  
  99  8:15  Sensor Tower  
  99  8:19  Marauder  
  104  8:20  Marine  
  104  8:24  Marauder  
  102  8:29  Marauder, Marine  
  102  8:33  Marine  
  104  8:34  Marine, Orbital Command  
  104  8:37  SCV  
  104  8:38  Marine  
  104  8:40  Marine  
  104  8:43  SCV  
  104  8:44  Marine  
  106  8:50  SCV  
  106  8:51  Viking  
  106  8:55  SCV  
  102  9:01  Marine  
  102  9:02  SCV  
  105  9:05  Liberator  
  105  9:06  SCV  
  108  9:10  Marine  
  108  9:11  Marine  
  108  9:14  SCV, Sensor Tower  
  108  9:16  Marine x2  
  113  9:17  SCV  
  113  9:18  SCV  
  113  9:21  Medivac  
  113  9:23  Siege Tank  
  120  9:27  SCV, Marine  
  120  9:28  Marauder, Marine  
  118  9:31  SCV  
  118  9:32  Refinery x2, Marine  
  118  9:34  SCV  
  123  9:41  Marine  
  123  9:43  Supply Depot  
  124  9:45  Supply Depot  
  124  9:46  SCV x2  
  124  9:48  Ghost Academy, Marine  
  124  9:49  Marine  
  128  9:54  Medivac  
  128  9:55  Medivac, Siege Tank  
  133  10:05  SCV x3  
  136  10:08  Missile Turret  
  136  10:09  Supply Depot, Marine x2  
  136  10:10  Marauder, Marine  
  136  10:11  Missile Turret  
  141  10:19  Enhanced Shockwaves  
  143  10:24  Medivac  
  144  10:30  Medivac  
  144  10:32  Marine  
  145  10:38  Armory  
  145  10:39  Command Center  
  145  10:40  Marauder, Engineering Bay  
  145  10:43  SCV  
  145  10:44  Marine  
  145  10:55  Ghost  
  146  10:58  Marine x2  
  146  11:00  Medivac, Marine  
  146  11:03  Siege Tank  
  157  11:06  Marine  
  157  11:07  Supply Depot  
  157  11:08  Marine  
  153  11:16  Marine x2  
  157  11:26  Marine x2  
  157  11:28  Ghost  
  157  11:29  Medivac  
  161  11:33  SCV  
  161  11:35  Siege Tank  
  161  11:36  Ghost  
  167  11:40  Refinery x2  
  167  11:44  Marine  
  170  11:47  SCV x3  
  171  11:57  Ghost  
  171  11:59  SCV x2  
  177  12:03  Viking x2  
  177  12:06  Marauder, Missile Turret  
  183  12:13  SCV, Planetary Fortress  
  183  12:14  Ghost  
  184  12:16  Marine  
  166  12:26  Marauder  
  166  12:27  Ghost  
  164  12:32  Marine x2  
  164  12:34  Marine  
  142  12:40  Marine  
  142  12:44  Marauder  
  118  12:45  Siege Tank  
  118  12:47  Ghost  
  118  12:50  Marine x2  
  123  12:52  Marine  
  123  12:55  Ghost  
  123  12:58  Marine  
  127  13:05  Marauder, Barracks  
  132  13:08  Marine x2  
  132  13:09  Barracks  
  132  13:10  Marine, Barracks  
Show
View Real Time Build Order
Export as new Build Order

DisK Protoss - Winner!

Build Orders: Phoenix Opening, Blink Stalkers 

Get SALT Encoding   

  12  0:00  Probe  
  13  0:12  Probe  
  14  0:16  Pylon  
  14  0:24  Probe (Chrono Boost)  
  15  0:34  Gateway  
  15  0:36  Probe (Chrono Boost)  
  16  0:45  Probe (Chrono Boost)  
  16  0:46  Assimilator  
  17  0:50  Probe  
  18  1:03  Probe  
  19  1:15  Probe  
  20  1:22  Cybernetics Core  
  20  1:34  Probe, Pylon  
  20  1:36  Assimilator  
  21  1:48  Nexus  
  21  1:51  Probe  
  22  1:56  Adept (Chrono Boost)  
  22  2:01  Warp Gate  
  24  2:05  Probe  
  24  2:17  Probe  
  24  2:18  Sentry (Chrono Boost)  
  27  2:29  Probe  
  28  2:39  Twilight Council  
  28  2:42  Probe  
  29  2:47  Phoenix  
  29  2:48  Stalker  
  30  3:00  Probe (Chrono Boost)  
  30  3:01  Probe (Chrono Boost)  
  31  3:08  Blink (Chrono Boost)  
  31  3:10  Gateway, Probe (Chrono Boost)  
  31  3:12  Probe (Chrono Boost)  
  33  3:15  Probe (Chrono Boost)  
  34  3:21  Probe  
  36  3:27  Probe  
  36  3:30  Pylon  
  36  3:33  Probe  
  37  3:35  Gateway  
  37  3:39  Probe  
  38  3:45  Assimilator, Probe  
  39  3:49  Stalker  
  39  3:51  Probe  
  42  3:56  Robotics Facility  
  42  3:58  Probe  
  43  4:03  Probe  
  43  4:05  Stalker  
  46  4:11  Probe  
  46  4:12  Stalker  
  46  4:14  Pylon  
  49  4:19  Shield Battery  
  49  4:21  Shield Battery  
  49  4:23  Probe  
  50  4:25  Probe  
  50  4:28  Stalker  
  53  4:33  Stalker  
  53  4:35  Probe  
  56  4:46  Probe  
  56  4:47  Stalker, Probe  
  56  4:50  Warp Prism  
  62  4:56  Pylon  
  62  5:12  Nexus  
  63  5:14  Probe x2  
  63  5:15  Assimilator  
  64  5:22  Charge  
  64  5:26  Robotics Bay  
  64  5:27  Probe  
  64  5:28  Probe  
  66  5:33  Observer  
  67  5:42  Pylon  
  67  5:43  Pylon  
  67  5:44  Shield Battery  
  67  5:55  Sentry  
  63  6:08  Stalker x2  
  63  6:11  Colossus (Chrono Boost)  
  67  6:13  Forge  
  67  6:15  Probe  
  67  6:16  Probe  
  75  6:21  Stalker  
  75  6:25  Pylon, Shield Battery  
  76  6:29  Gateway  
  76  6:31  Gateway  
  74  6:40  Stalker x2  
  78  6:51  Stalker  
  79  6:59  Colossus (Chrono Boost), Protoss Ground Weapons Level 1 (Chrono Boost)  
  79  7:00  Probe x3  
  79  7:06  Zealot  
  79  7:07  Zealot  
  89  7:12  Probe x2  
  91  7:15  Probe  
  91  7:18  Pylon  
  92  7:23  Pylon  
  92  7:26  Probe x2  
  92  7:27  Probe  
  84  7:38  Probe  
  84  7:42  Zealot x2  
  84  7:43  Zealot x3  
  87  7:54  Probe x3  
  90  8:01  Assimilator x2  
  90  8:02  Pylon  
  90  8:03  Templar Archives  
  90  8:06  Zealot, Probe x3  
  90  8:07  Zealot x3  
  90  8:08  Sentry  
  103  8:18  Probe  
  102  8:28  Nexus  
  102  8:34  Stalker x5  
  92  8:50  Protoss Ground Armor Level 1 (Chrono Boost)  
  92  8:51  Probe x3  
  93  9:01  Gateway  
  93  9:03  Gateway, Probe x3  
  93  9:04  Pylon  
  93  9:07  Gateway  
  96  9:10  High Templar x4  
  96  9:15  Probe x2, Archon x2, Shield Battery  
  96  9:16  Disruptor (Chrono Boost)  
  106  9:20  Probe  
  110  9:27  Probe  
  111  9:31  Shield Battery  
  111  9:38  High Templar  
  111  9:40  Probe x4  
  111  9:41  Pylon  
  111  9:44  Shield Battery  
  111  9:45  High Templar  
  119  9:46  Zealot x2  
  119  9:49  Zealot, Archon  
  125  9:53  Forge  
  125  9:55  Probe x2  
  127  10:03  Warp Prism (Chrono Boost)  
  127  10:04  Probe x2, Pylon  
  131  10:07  Probe  
  131  10:10  Robotics Facility  
  130  10:23  Protoss Ground Weapons Level 2 (Chrono Boost)  
  120  10:29  Stalker x4  
  120  10:30  Zealot x3  
  134  10:39  Protoss Ground Armor Level 2 (Chrono Boost)  
  134  10:55  Stalker x3  
  134  10:58  Immortal (Chrono Boost)  
  134  10:59  Immortal (Chrono Boost)  
  143  11:04  Probe  
  143  11:06  Stalker x5  
  152  11:16  Probe x2  
  152  11:17  Probe  
  155  11:20  Assimilator  
  155  11:24  Assimilator  
  155  11:27  High Templar x2  
  155  11:28  High Templar  
  155  11:30  Gateway  
  155  11:31  High Templar  
  155  11:32  Gateway  
  163  11:34  Pylon x2  
  163  11:35  Observer, Pylon  
  163  11:36  Archon  
  164  11:42  Photon Cannon  
  164  11:44  Photon Cannon  
  164  11:52  Pylon  
  164  11:53  Photon Cannon  
  164  11:54  Photon Cannon, Zealot  
  164  11:55  Zealot x2  
  164  11:59  Psionic Storm  
  170  12:10  Archon  
  170  12:12  Observer x2  
  172  12:21  Zealot x8  
  184  12:36  Zealot x2  
  153  12:54  Zealot x8  
  169  13:00  Pylon  
  169  13:02  Dark Shrine  
  157  13:24  Zealot x7  
  157  13:25  Zealot x3  
Tags
 
Add a new tag
Caveats
  • Supply blocks, unpowered buildings, or Contaminate may cause inaccurate times.
  • Supply counts are checked every 10 seconds.